 Dungeon Crawl Stone Soup version 0.16.0-8-gd9ae3a8 (webtiles) character file.

6699 asthiss the Basher (level 10, -1/126 HPs)
             Began as a Minotaur Berserker on Mar 16, 2015.
             Was a High Priest of Trog.
             Killed from afar by Nergalle (4 damage)
             ... with a wand of magic darts
             ... on level 1 of the Lair of Beasts.
             The game lasted 01:07:48 (8654 turns).

asthiss the Basher (Minotaur Berserker)             Turns: 8654, Time: 01:07:48

Health: -1/126     AC: 12    Str: 30    XL:     10   Next: 74%
Magic:  4/4        EV: 12    Int:  4    God:    Trog [*****.]
Gold:   78         SH:  0    Dex: 10    Spells: 0 memorised, 9 levels left

rFire  . . .     SeeInvis .     A - +2 demon whip (elec)
rCold  . . .     Clarity  .     n - +2 ring mail
rNeg   . . .     SustAb   .     (no shield)
rPois  +         Gourm    .     (helmet restricted)
rElec  .         Spirit   .     w - +0 cloak
rCorr  .         Warding  .     (no gloves)
rMut   .         Stasis   .     o - +0 pair of boots
MR     ++...                    e - amulet of inaccuracy
Stlth  ..........               t - ring of poison resistance
                                d - +3 ring of slaying

@: berserking, regenerating, heavily drained, very quick, very resistant to
hostile enchantments, extremely unstealthy
A: retaliatory headbutt, horns 2, yellow scales 1
a: Burn Spellbooks, Berserk, Trog's Hand, Brothers in Arms, Renounce Religion


You were on level 1 of the Lair of Beasts.
You worshipped Trog.
Trog was extremely pleased with you.
You were not hungry.

You visited 3 branches of the dungeon, and saw 11 of its levels.
You also visited: Ossuary.

You collected 478 gold pieces.
You spent 400 gold pieces at shops.

Inventory:

Hand weapons
 a - a +2 mace of crushing
 m - a +1 antimagic whip
 y - a +8 hunting sling of velocity
 A - a +2 demon whip of electrocution (weapon)
Missiles
 l - 4 silver javelins (quivered)
 O - 5 tomahawks of returning
Armour
 n - a +2 ring mail (worn)
 o - a +0 pair of boots (worn)
 w - a +0 cloak (worn)
 x - a +0 scale mail of poison resistance
 K - a cursed +0 shield
 L - the cursed -3 ring mail of Somap {rF++ MR++ rCorr Dex-4 Slay-4, unknown}
   (You found it on level 1 of the Lair of Beasts)

   It affects your dexterity (-4).
   It affects your accuracy and damage with ranged weapons and melee attacks
   (-4).
   It greatly protects you from fire.
   It affects your resistance to hostile enchantments.
   It protects you from acid and corrosion.
   It has a curse placed upon it.
Jewellery
 d - a +3 ring of slaying (left hand)
 e - an amulet of inaccuracy (around neck)
 k - a cursed ring of flight
 t - a ring of poison resistance (right hand)
 u - a cursed ring of protection from cold
 D - a +3 ring of strength {unknown}
Magical devices
 z - a wand of polymorph (9)
 J - a wand of fireball (4)
Scrolls
 g - 2 scrolls of blinking
 q - 3 scrolls of magic mapping
 r - a scroll of recharging
 v - a scroll of teleportation
 M - a scroll of enchant armour
Potions
 c - a potion of magic {unknown}
 f - 4 potions of flight
 h - 3 potions of restore abilities
 i - 4 potions of brilliance
 j - a potion of ambrosia {unknown}
 p - 6 potions of curing
 B - 3 potions of heal wounds
 C - a potion of agility {unknown}
 E - a potion of might {unknown}
 I - a potion of cure mutation
 N - a potion of cancellation {unknown}
Miscellaneous
 F - a phantom mirror
Comestibles
 b - 8 bread rations
 s - 4 fruits
 G - a slice of pizza
 H - 2 meat rations


   Skills:
 + Level 6.4(5.1) Fighting
 - Level 12.5(10.9) Maces & Flails
 * Level 10.0(8.5) Throwing
 + Level 6.2(4.9) Armour
 + Level 5.4(4.1) Dodging


You had 9 spell levels left.
You didn't know any spells.

Dungeon Overview and Level Annotations

Branches:
Dungeon (9/15)             Temple (1/1) D:5            Lair (1/8) D:9
    Orc: D:9-12

Altars:
Ashenzari
Cheibriados
Dithmenos
Elyvilon
Fedhas
Gozag
Kikubaaqudgha
Makhleb
Nemelex Xobeh
Okawaru
Qazlal
Ru
Sif Muna
Trog
Vehumet
Xom
Yredelemnul
Zin
The Shining One

Shops:
D:6 }%   D:7 %   D:9 %

Annotations:
Lair:1 Nergalle


Innate Abilities, Weirdness & Mutations

You reflexively headbutt those who attack you in melee.
You have a pair of horns on your head.
You are partially covered in yellow scales (AC +2).


Message History

The spectral orc knight hits you with a battleaxe!
* * * LOW HITPOINT WARNING * * *
You feel drained.
You miss Nergalle.
You headbutt Nergalle, but do no damage.
Nergalle is almost dead.
You whack Nergalle!
Nergalle is almost dead.
Nergalle zaps a wand.
The magic dart hits you!
* * * LOW HITPOINT WARNING * * *
You barely miss Nergalle. Your headbutt misses Nergalle.
Nergalle is almost dead.
The spectral orc knight hits you but does no damage.
You whack Nergalle!!
Nergalle is almost dead.
You hit Nergalle!
There is a sudden explosion of sparks!
Nergalle is almost dead.
The spectral orc knight completely misses you.
Nergalle zaps a wand.
The magic dart hits you!
You die...

### #.#.........#
.... #..........#
.... ##..#####....
... .# #..## ##.
.. .... ##...# .
#..#..### #.../.#
#..#...###
#..#....@o#
#........Z.(.....#
......##....P###
.....# ##.####
.... .P ..# .## #
.# ##


You could see Nergalle and a spectral orc knight.

Vanquished Creatures
  A black mamba (Lair:1)
  A spiny frog (Lair:1)
  A troll (D:8)
  The ghost of CrazyArbalest the Bolt Thrower, an average CeHu (D:4)
  A fire drake (D:9)
  5 yaks (D:9)
  A steam dragon (D:8)
  2 hungry ghosts (D:7)
  2 water moccasins
  3 orc warriors
  4 porcupines (Lair:1)
  2 phantoms
  3 sky beasts
  2 ice beasts
  A centaur (D:7)
  4 ogres
  3 crocodiles
  A big kobold (D:7)
  3 giant frogs
  A water moccasin skeleton (D:6)
  5 killer bees (D:6)
  5 crimson imps
  3 goliath beetles
  2 jellies
  7 orc priests
  2 centaur zombies
  3 human zombies (Ossuary)
  6 iguanas
  A giant frog skeleton (D:5)
  4 hounds
  11 orc wizards
  5 worker ants
  Ijyb (D:7)
  4 mummies (Ossuary)
  A hound zombie (D:7)
  A worker ant zombie (D:7)
  10 adders
  4 shadow imps
  A worm (D:4)
  4 giant geckos
  3 oozes
  49 orcs
  5 ball pythons
  3 giant cockroaches
  8 goblins
  16 hobgoblins
  4 jackals (D:8)
  19 kobolds
  A ball python zombie (D:5)
  12 bats
  A giant gecko zombie (D:7)
  2 giant newts (D:1)
  2 goblin zombies (Ossuary)
  A hobgoblin zombie (Ossuary)
  A jackal skeleton (D:9)
  2 jackal zombies (D:7)
  2 kobold zombies
  4 quokkas
  13 rats
270 creatures vanquished.

Notes
Turn   | Place    | Note
--------------------------------------------------------------
     0 | D:1      | asthiss, the Minotaur Berserker, began the quest for the Orb.
     0 | D:1      | Reached XP level 1. HP: 19/19 MP: 1/1
   646 | D:1      | Reached skill level 4 in Maces & Flails
   646 | D:1      | Reached XP level 2. HP: 21/26 MP: 1/1
  1201 | D:2      | Acquired Trog's second power
  1210 | D:2      | Reached XP level 3. HP: 31/31 MP: 2/2
  1480 | D:2      | Reached skill level 5 in Maces & Flails
  1734 | D:3      | Reached XP level 4. HP: 37/39 MP: 2/2
  1843 | D:3      | Found a glowing silver altar of Zin.
  1843 | D:3      | Noticed an angel
  1844 | D:3      | Found a shimmering altar of Xom.
  2461 | D:3      | Reached skill level 6 in Maces & Flails
  2563 | D:4      | Noticed CrazyArbalest's ghost (average CeHu)
  2570 | D:4      | Killed CrazyArbalest's ghost
  2570 | D:4      | Reached skill level 8 in Maces & Flails
  2570 | D:4      | Reached XP level 5. HP: 45/45 MP: 2/2
  2570 | D:4      | Reached XP level 6. HP: 51/51 MP: 3/3
  2843 | D:4      | Reached skill level 9 in Maces & Flails
  2910 | D:4      | Reached XP level 7. HP: 44/57 MP: 3/3
  3313 | D:5      | Entered Level 5 of the Dungeon
  3321 | D:5      | Reached skill level 1 in Throwing
  3367 | D:5      | Found a staircase to the Ecumenical Temple.
  3422 | D:5      | Reached skill level 10 in Maces & Flails
  3439 | D:5      | Acquired Trog's third power
  3750 | Temple   | Entered the Ecumenical Temple
  4066 | D:6      | Reached XP level 8. HP: 56/64 MP: 3/3
  4081 | D:6      | Identified a scroll of acquirement
  4182 | D:6      | Found a stormy altar of Qazlal.
  4182 | D:6      | Found a sparkling altar of Nemelex Xobeh.
  4277 | D:6      | Reached skill level 11 in Maces & Flails
  4412 | D:6      | Reached skill level 5 in Throwing
  4442 | D:6      | Found Brieplol's Food Emporium.
  4450 | D:6      | Bought a bread ration for 60 gold pieces
  4450 | D:6      | Bought a bread ration for 60 gold pieces
  4450 | D:6      | Bought a bread ration for 60 gold pieces
  4450 | D:6      | Bought a bread ration for 60 gold pieces
  4950 | D:6      | Found Kiutarau's Gadget Boutique.
  5198 | D:7      | HP: 1/64 [centaur/arrow (6)]
  5201 | D:7      | Reached skill level 12 in Maces & Flails
  5201 | D:7      | Reached XP level 9. HP: 3/70 MP: 4/4
  5423 | D:7      | Found a shimmering altar of Xom.
  5652 | D:7      | Found a sand-covered staircase.
  5776 | Ossuary  | Entered an ossuary
  6004 | Ossuary  | Gained mutation: You are partially covered in yellow scales (AC +2). [potion of beneficial mutation]
  6133 | D:7      | Found Caat Anu's Food Boutique.
  6139 | D:7      | Bought a bread ration for 50 gold pieces
  6272 | D:7      | Received a gift from Trog
  6319 | D:7      | Noticed Ijyb
  6325 | D:7      | Killed Ijyb
  6551 | D:8      | Found a blossoming altar of Fedhas.
  6552 | D:8      | Found a sacrificial altar of Ru.
  6555 | D:8      | Found a shattered altar of Ashenzari.
  6890 | D:8      | Found a shadowy altar of Dithmenos.
  6892 | D:8      | Found a glowing golden altar of the Shining One.
  6894 | D:8      | Found a basalt altar of Yredelemnul.
  6894 | D:8      | Found a deep blue altar of Sif Muna.
  6984 | D:8      | Received a gift from Trog
  7310 | D:9      | Reached XP level 10. HP: 76/80 MP: 4/4
  7349 | D:9      | Reached skill level 5 in Fighting
  7566 | D:9      | Reached skill level 5 in Armour
  7705 | D:9      | Noticed a fire drake
  7719 | D:9      | Killed a fire drake
  7735 | D:9      | Found a staircase to the Lair.
  7885 | D:9      | Found Neryo's Food Emporium.
  7891 | D:9      | Bought a bread ration for 55 gold pieces
  7891 | D:9      | Bought a meat ration for 55 gold pieces
  7963 | D:9      | Received a gift from Trog
  8109 | Lair:1   | Entered Level 1 of the Lair of Beasts
  8307 | Lair:1   | Reached skill level 5 in Dodging
  8394 | Lair:1   | Got a transparent ring mail
  8434 | Lair:1   | Noticed a black mamba
  8438 | Lair:1   | Killed a black mamba
  8535 | Lair:1   | Reached skill level 10 in Throwing
  8540 | Lair:1   | Received a gift from Trog
  8622 | Lair:1   | Noticed Nergalle
  8651 | Lair:1   | HP: 1/126 [Nergalle/wand of magic darts (11)]
  8654 | Lair:1   | Killed from afar by Nergalle

Action                   |  1- 3 |  4- 6 |  7- 9 | 10-12 || total
-------------------------+-------+-------+-------+-------++-------
Melee: Mace              |    71 |    79 |   104 |       ||   254
       Demon whip        |       |       |   272 |   120 ||   392
Throw: Tomahawk          |       |     7 |    22 |       ||    29
       Javelin           |       |       |    15 |    38 ||    53
Invok: Berserk           |       |     1 |     1 |     1 ||     3
       Trog's Hand       |       |       |     3 |     1 ||     4
       Burn Spellbooks   |       |       |       |     1 ||     1
  Use: Scroll            |     6 |     1 |    16 |     2 ||    25
       Potion            |       |       |     2 |       ||     2
  Eat: Bread ration      |     1 |     1 |       |       ||     2
       Pizza             |       |     1 |     1 |       ||     2
       Meat ration       |       |       |     2 |     1 ||     3
       Beef jerky        |       |       |     1 |       ||     1
